 Dungeon Crawl Stone Soup version 0.21-a0-150-gc243083 (webtiles) character file.

194342 Spellbinder the Brawler (level 18, -9/158 HPs)
             Began as a Demonspawn Wanderer on July 29, 2017.
             Was a Follower of Uskayaw.
             Mangled by a fire giant zombie (14 damage)
             ... on level 2 of the Depths.
             The game lasted 01:42:06 (41959 turns).

Spellbinder the Brawler (Demonspawn Wanderer)      Turns: 41959, Time: 01:42:07

Health: -9/158     AC: 20    Str: 22    XL:     18   Next: 9%
Magic:  30/30      EV: 10    Int: 16    God:    Uskayaw [*.....]
Gold:   3072       SH: 10    Dex: 13    Spells: 17/17 levels left

rFire    + + .     SeeInvis +     - Unarmed
rCold    + . .     Gourm    .   y - +0 buckler
rNeg     + . .     Faith    .   J - +7 chain mail "Haovvypn" {*Slow rC+ Slay+2}
rPois    .         Spirit   .   (helmet unavailable)
rElec    .         Reflect  +   c - +0 cloak
rCorr    .         Harm     .   (gloves unavailable)
MR       ++...                  (no boots)
Stlth    ..........             B - +5 amulet of reflection
HPRegen  0.36/turn              G - ring of protection from fire
MPRegen  0.22/turn              u - ring "Romieluh" {+Fly rN+ MR+ Dex+2}

@: lethally poisoned (-9 -> -17), slowed, drained, very slow
A: antennae 3, claws 3, hooves 2, clever 1, fire resistance 1, powered by pain
2, robust 1, flame cloud immunity
a: Stomp, Renounce Religion, Evoke Flight


You were on level 2 of the Depths.
You worshipped Uskayaw.
Uskayaw was most pleased with you.
You were hungry.

You visited 5 branches of the dungeon, and saw 26 of its levels.
You visited the Abyss 1 time.
You also visited: Labyrinth, Sewer and Ice Cave.

You collected 3072 gold pieces.

Inventory:

Missiles
 N - 3 throwing nets (quivered)
Armour
 c - a +0 cloak (worn)
 r - a scarf of cloud immunity
 y - a +0 buckler (worn)
 J - the +7 chain mail "Haovvypn" (worn) {*Slow rC+ Slay+2}
   (You found it in a labyrinth)

   It affects your accuracy and damage with ranged weapons and melee attacks
   (+2).
   It protects you from cold.
   It may slow you when you take damage.
 P - a +1 plate armour of fire resistance
Jewellery
 i - an uncursed ring of protection from cold
 u - the ring "Romieluh" (right claw) {+Fly rN+ MR+ Dex+2}
   (You found it in a labyrinth)

   [ring of protection from magic]

   It affects your dexterity (+2).
   It protects you from negative energy.
   It affects your resistance to hostile enchantments.
   It lets you fly.
 w - a +4 ring of evasion
 B - a +5 amulet of reflection (around neck)
 G - a ring of protection from fire (left claw)
Wands
 d - a wand of iceblast (5/15)
 e - a wand of paralysis (8/24)
 j - a wand of acid (12/15)
 m - a wand of lightning (4/15)
 E - a wand of random effects (28/48)
 H - a wand of scattershot (2/9)
 K - a wand of lightning (9/15)
 L - a wand of scattershot (4/9)
 O - a wand of clouds (4/9)
 T - a wand of disintegration (15/24)
 W - a wand of confusion (9/48)
 Z - a wand of flame (25/48)
Scrolls
 k - 8 scrolls of identify
 l - 2 scrolls of enchant armour
 t - 10 scrolls of remove curse
 x - 6 scrolls of fog
 z - 8 scrolls of enchant weapon
 D - 5 scrolls of amnesia
 R - a scroll of silence
 V - 4 scrolls of recharging
Potions
 a - 2 potions of haste
 b - 6 potions of flight
 g - a potion of resistance
 p - 4 potions of brilliance
 v - 2 potions of curing
 C - 6 potions of magic
 Q - 3 potions of cancellation
Comestibles
 f - 4 bread rations
 h - 19 meat rations
 o - 28 fruits
 M - 5 royal jellies


   Skills:
 + Level 13.5(13.0) Fighting
   Level 1.4(1.0) Polearms
 + Level 12.4(11.8) Armour
 - Level 3.6(3.1) Dodging
 - Level 1.7(1.3) Stealth
 - Level 5.6(5.1) Shields
 * Level 19.6(19.0) Unarmed Combat
 + Level 17.7(17.1) Invocations


You had 17 spell levels left.
You didn't know any spells.

Dungeon Overview and Level Annotations

Branches:
Dungeon (15/15)            Temple (1/1) D:4            Lair (6/6) D:9
  Swamp (0/4) Lair:4        Snake (0/4) Lair:2        Slime (0/5) Lair:6
    Orc (2/2) D:9             Elf (0/3) Orc:2        Vaults (0/5) D:14
 Depths (2/5) D:15

Altars:
Cheibriados
Dithmenos
Elyvilon
Fedhas
Gozag
Kikubaaqudgha
Makhleb
Nemelex Xobeh
Okawaru
Sif Muna
Trog
Uskayaw
Vehumet
Xom
Yredelemnul
Zin
The Shining One
Beogh
Jiyva

Shops:
D:7 %   D:14 !   Orc:2 [=[   Depths:2 [

Portals:
Hell: Depths:1 Depths:2
Abyss: Depths:1
Pandemonium: Depths:2
Trove: D:15 (give 2 scrolls of acquirement)

Annotations:
Lair:6 1 runed door


Innate Abilities, Weirdness & Mutations

You have a pair of large antennae on your head. (SInv)
You have claws for hands.
You have hoof-like feet.
Your flesh is heat resistant. (rF+)
You sometimes gain power by taking damage.
You are immune to clouds of flame.
Your mind is acute. (Int +2)
You are robust. (+10% HP)


Message History

The blast of cold hits you! You resist.
* * * LOW HITPOINT WARNING * * *
The blast of cold hits the fire giant zombie.
The fire giant zombie resists.
The lich points at you and mumbles some strange words.
You feel haunted. The shadow wraith barely misses you.
* * * LOW HITPOINT WARNING * * *
You feel very sick.
The shadow wraith hits you but does no damage.
The lich points at you and mumbles some strange words.
You feel haunted. The fire giant zombie hits you.
* * * LOW HITPOINT WARNING * * *
You block the rakshasa's attack.
* * * LOW HITPOINT WARNING * * *
You feel sick. The wraith misses you.
The phantasmal warrior blinks!
You block the ice dragon's attack. x2
The ice dragon tramples you but does no damage.
* * * LOW HITPOINT WARNING * * *
You feel sick. The fire giant zombie hits you!
You die...

.#...#.....##.#...............≈..
###..#..##...##.................#
.###.#.......###.≈≈≈............#
..####.#(.##..##.≈≈≈≈(...........
...##..#......#..≈≈≈≈............
####..###..........≈≈....(....#..
.....####..........W...((.....##.
......##....(.(..DL.....(...#....
......##.....(<[@WWW..(.....#....
.≈...##.........ZWR.≈((≈.........
≈≈...................((..........
≈≈................(.((...........
.≈.............W.D...(..(.......#
..................<(((((........#
..................((#...≈.(......
............L....#(.(##.≈≈.......
..........[(...(.##.[...≈≈.......


You could see an ancient lich, 2 ice dragons, a lich, a rakshasa, a shadow
wraith (invisible), a phantasmal warrior, 3 freezing wraiths, a wraith and a
fire giant zombie.

Vanquished Creatures
  A Tzitzimitl (Depths:2)
  A tentacled starspawn (Abyss:5)
  Frances (D:13)
  2 tengu reavers
  3 fire giants (Depths:1)
  A frost giant (Depths:1)
  A deep elf sorcerer (Abyss:5)
  An orc warlord (Orc:2)
  The ghost of Grangar the Severer, a journeyman MiFi of Okawaru (Lair:6)
  9 stone giants
  8 very ugly things
  3 reapers (Depths:2)
  Nessos (D:15)
  A juggernaut skeleton (Depths:1)
  2 vampire knights (Depths:2)
  A dire elephant (D:15)
  A minotaur (Lab)
  3 deep elf death magi (Depths:2)
  6 ettins
  2 merfolk impalers (Depths:2)
  5 great orbs of eyes
  2 yaktaur captains
  Harold (Lair:2)
  A hell beast (Depths:2)
  4 rakshasas
  Erolcha (D:13)
  4 fire dragons
  5 hydras
  Fannar (Lair:2)
  4 ice dragons
  A catoblepas (Lair:6)
  2 quicksilver dragon skeletons (Depths:2)
  A death knight (D:15)
  11 centaur warriors
  18 two-headed ogres
  Erica (D:8)
  2 ogre magi
  6 death yaks (Lair:6)
  3 tengu warriors
  3 deep troll shamans
  5 orc high priests
  A thrashing horror (Abyss:5)
  A titan zombie (Abyss:5)
  A spriggan berserker (Depths:1)
  2 large abominations (Abyss:5)
  Sonja (D:10)
  5 skeletal warriors (D:15)
  A wretched star (Abyss:5)
  2 soul eaters (Depths:2)
  3 iron trolls (Depths:1)
  2 unseen horrors (D:15)
  4 hell knights (Depths:1)
  The ghost of Shredu92 the Covert, a novice OpEE of Sif Muna (D:9)
  A glowing orange brain (Depths:2)
  2 wizards
  A spark wasp zombie (Depths:2)
  A golden dragon skeleton (Depths:2)
  4 deep trolls (Depths:1)
  2 tengu zombies (Depths:2)
  A tengu skeleton (Depths:2)
  Pikel (D:7)
  2 orc knights (Orc:2)
  A wolf spider zombie (D:12)
  2 sphinx zombies (Depths:2)
  10 necromancers
  A lindwurm (Lair:6)
  A wolf spider (D:15)
  2 deep elf magi (D:13)
  2 sphinx skeletons (Depths:2)
  A shadow dragon skeleton (Depths:2)
  A stone giant zombie (Depths:2)
  A frost giant zombie (Depths:2)
  An orc sorcerer (Orc:1)
  A fire giant zombie (Depths:2)
  18 ugly things
  4 salamanders (Depths:1)
  5 cyclopes
  A manticore (D:15)
  2 ice statues (IceCv)
  2 fire giant skeletons (Depths:2)
  7 elephants (Lair:6)
  7 black mambas
  A rust devil (Depths:2)
  2 titan simulacra (Depths:2)
  A smoke demon (Abyss:5)
  A naga mage (D:15)
  A frost giant skeleton (Depths:2)
  2 gargoyles
  5 centaur skeletons
  12 spiny frogs
  2 spriggan zombies
  3 rime drakes
  12 yaktaurs
  7 komodo dragons
  3 kobold demonologists (D:13)
  A freezing wraith (D:15)
  A redback zombie (D:15)
  6 trolls
  A yaktaur skeleton (Depths:1)
  A red devil (Depths:2)
  Prince Ribbit (D:9)
  A polar bear (Lair:6)
  11 slime creatures
  6 dream sheep (Lair:6)
  9 hippogriffs
  9 blink frogs
  A frost giant simulacrum (Depths:2)
  2 ettin skeletons (Depths:2)
  A fire giant simulacrum (Depths:2)
  4 flying skulls (Depths:2)
  5 starcursed masses (Abyss:5)
  A vampire (D:10)
  A ynoxinul (Abyss:5)
  3 spriggan skeletons
  5 water elementals (Depths:2)
  47 yaks
  2 shadows
  5 wyverns
  2 hungry ghosts (D:12)
  4 basilisks
  3 vampire mosquitoes (D:11)
  A neqoxec (Abyss:5)
  A spriggan simulacrum (Depths:2)
  2 small abominations
  2 chaos spawn
  2 soldier ants
  5 wargs (Orc:2)
  The ghost of casual the Changer, an amateur OpTm (Sewer)
  3 swamp worms (Lair:4)
  2 acid dragons
  17 water moccasins
  An acid dragon (shapeshifter) (D:15)
  12 porcupines
  2 slaves (D:7)
  10 sky beasts
  24 orc warriors
  6 ice beasts (IceCv)
  2 black bears
  A necrophage (D:12)
  An ettin simulacrum (Depths:2)
  6 boggarts
  2 hornet zombies (D:13)
  3 eyes of draining
  14 ogres
  3 phantoms
  An ogre (shapeshifter) (Depths:1)
  16 wolves
  31 centaurs
  11 crocodiles
  2 big kobolds (D:13)
  2 elf simulacra (Depths:2)
  A wyvern zombie (D:8)
  17 bullfrogs
  A human simulacrum (Depths:2)
  A wyvern skeleton (D:11)
  4 scorpions
  12 wights
  3 electric eels
  3 howler monkeys (D:8)
  A lava snake (D:12)
  2 centaur zombies
  12 crimson imps
  A jelly (D:10)
  2 bullfrog skeletons
  2 bullfrog zombies
  6 hounds
  43 orc priests
  24 orc wizards
  3 iguanas
  10 worker ants
  A killer bee zombie (D:9)
  17 adders
  A howler monkey skeleton (D:9)
  4 shadow imps
  An ooze (D:2)
  3 adder zombies
  3 adder skeletons
  A dart slug (D:1)
  4 leopard geckos
  99 orcs
  10 giant cockroaches
  5 goblins
  5 hobgoblins
  19 jackals
  4 quokkas
  7 ball pythons
  8 bats
  6 frilled lizards
  18 kobolds
  A leopard gecko skeleton (D:5)
  2 rats
  9 plants
986 creatures vanquished.

Vanquished Creatures (collateral kills)
  A reaper (Depths:2)
  A soul eater (Depths:2)
  A blink frog (Lair:1)
3 creatures vanquished.

Vanquished Creatures (others)
  A yaktaur (Depths:2)
  2 centaurs
  A quokka (D:7)
  14 fungi
  29 plants
  2 starspawn tentacles (Abyss:5)
49 creatures vanquished.

Grand Total: 1038 creatures vanquished

Notes
Turn   | Place    | Note
-------+----------+-------------------------------------------
     0 | D:1      | Spellbinder the Demonspawn Wanderer began the quest for the Orb.
     0 | D:1      | Spellbinder set off with: a +2 spear, 2 potions of lignification, a +0 robe, a +0 dagger, a bread ration
     0 | D:1      | Reached XP level 1. HP: 18/18 MP: 1/1
   189 | D:1      | Reached skill level 1 in Polearms
   297 | D:1      | Gained mutation: You have sharp fingernails. [demonic ancestry]
   297 | D:1      | Reached XP level 2. HP: 21/24 MP: 2/2
   710 | D:1      | Reached skill level 1 in Unarmed Combat
   895 | D:2      | Found a bloodstained altar of Trog.
   953 | D:2      | Gained mutation: Your flesh is heat resistant. (rF+) [demonic ancestry]
   953 | D:2      | Reached XP level 3. HP: 20/29 MP: 3/3
  1118 | D:2      | Reached skill level 2 in Unarmed Combat
  1404 | D:2      | Reached XP level 4. HP: 15/35 MP: 4/4
  1419 | D:2      | Reached skill level 3 in Unarmed Combat
  1698 | D:2      | Found a radiant altar of Vehumet.
  1713 | D:2      | Found an ancient bone altar of Kikubaaqudgha.
  1713 | D:2      | Found a deep blue altar of Sif Muna.
  1719 | D:2      | Identified Sif Muna's Disquisition on Boosts
  2580 | D:4      | Reached skill level 4 in Unarmed Combat
  2580 | D:4      | Reached XP level 5. HP: 38/41 MP: 5/5
  2759 | D:4      | Found a glowing golden altar of the Shining One.
  2761 | D:4      | Noticed a phantom
  2797 | D:4      | Killed a phantom
  2797 | D:4      | Reached skill level 5 in Unarmed Combat
  2797 | D:4      | Gained mutation: You are immune to clouds of flame. [demonic ancestry]
  2797 | D:4      | Reached XP level 6. HP: 18/47 MP: 6/6
  3123 | D:4      | Found a staircase to the Ecumenical Temple.
  3139 | Temple   | Entered the Ecumenical Temple
  3252 | Temple   | Became a worshipper of Uskayaw the Reveler
  3282 | D:4      | Reached * piety under Uskayaw
  3569 | D:4      | Reached ** piety under Uskayaw
  3901 | D:4      | Reached skill level 6 in Unarmed Combat
  3948 | D:5      | Entered Level 5 of the Dungeon
  4115 | D:5      | Noticed a sky beast
  4132 | D:5      | Killed a sky beast
  4132 | D:5      | Reached skill level 1 in Invocations
  4132 | D:5      | Gained mutation: You have very sharp fingernails. [demonic ancestry]
  4132 | D:5      | Reached XP level 7. HP: 27/52 MP: 6/8
  4132 | D:5      | Reached *** piety under Uskayaw
  4572 | D:5      | Gained mutation: Your body sometimes deteriorates upon taking damage. [potion of mutation]
  4572 | D:5      | Gained mutation: You have a pair of small horns on your head. [potion of mutation]
  4572 | D:5      | Gained mutation: You are agile. (Dex +2) [potion of mutation]
  4873 | D:5      | Found an opulent altar of Gozag.
  5029 | D:5      | Found a burning altar of Makhleb.
  5038 | D:5      | Found a glowing silver altar of Zin.
  5038 | D:5      | Noticed an angel
  5050 | D:5      | Reached skill level 7 in Unarmed Combat
  5122 | D:5      | Noticed a green death
  5650 | D:6      | Lost mutation: You have a pair of small horns on your head. [demonic ancestry]
  5650 | D:6      | Gained mutation: You have a pair of small antennae on your head. [demonic ancestry]
  5650 | D:6      | Reached XP level 8. HP: 58/58 MP: 9/11
  5657 | D:6      | Found a glowing drain.
  5674 | Sewer    | Entered a sewer
  5809 | Sewer    | Noticed casual's ghost (amateur OpTm)
  5825 | Sewer    | Killed casual's ghost
  6587 | D:6      | Reached skill level 8 in Unarmed Combat
  6602 | D:6      | Reached skill level 5 in Invocations
  6829 | D:6      | Noticed a troll
  6844 | D:6      | Killed a troll
  6850 | D:6      | Reached **** piety under Uskayaw
  6942 | D:6      | Found a snail-covered altar of Cheibriados.
  7105 | D:7      | Found Aqojea's Food Shoppe.
  7185 | D:7      | Noticed Pikel
  7211 | D:7      | Killed Pikel
  7211 | D:7      | Reached skill level 9 in Unarmed Combat
  7211 | D:7      | Gained mutation: You have large cloven feet. [demonic ancestry]
  7211 | D:7      | Reached XP level 9. HP: 56/63 MP: 12/14
  7865 | D:8      | Reached skill level 10 in Unarmed Combat
  7867 | D:8      | Reached ***** piety under Uskayaw
  8177 | D:8      | Noticed Psyche
  8179 | D:8      | Noticed Psyche
  8179 | D:8      | Psyche changed into Psyche the soldier ant
  8185 | D:8      | Killed Psyche the soldier ant
  8305 | D:8      | Found a white marble altar of Elyvilon.
  8617 | D:8      | Noticed Erica
  8635 | D:8      | Killed Erica
  8635 | D:8      | Reached skill level 11 in Unarmed Combat
  8635 | D:8      | Reached XP level 10. HP: 45/70 MP: 15/17
  8927 | D:9      | Noticed Shredu92's ghost (novice OpEE)
  8945 | D:9      | Killed Shredu92's ghost
  9190 | D:9      | Reached skill level 10 in Invocations
  9292 | D:9      | Reached skill level 12 in Unarmed Combat
  9422 | D:9      | Found a staircase to the Lair.
  9844 | D:9      | Found a roughly hewn altar of Beogh.
  9844 | D:9      | Found a staircase to the Orcish Mines.
 10175 | D:9      | HP: 3/70 [orc warrior/halberd (14)]
 10181 | D:9      | Reached skill level 1 in Armour
 10469 | D:9      | Noticed Prince Ribbit
 10486 | D:9      | Killed Prince Ribbit
 11142 | Lair:1   | Entered Level 1 of the Lair of Beasts
 11204 | Lair:1   | Got a steaming leather armour
 11205 | Lair:1   | Identified the +3 leather armour of Loss {Str+6} (You found it on level 1 of the Lair of Beasts)
 11219 | Lair:1   | Noticed a spiny frog
 11237 | Lair:1   | Killed a spiny frog
 11265 | Lair:1   | Gained mutation: You sometimes gain a little power by taking damage. [demonic ancestry]
 11265 | Lair:1   | Reached XP level 11. HP: 57/78 MP: 19/19
 12105 | Lair:1   | Reached skill level 5 in Fighting
 12641 | Lair:2   | Found a staircase to the Snake Pit.
 12692 | Lair:2   | Reached skill level 13 in Unarmed Combat
 13013 | Lair:2   | Noticed Harold
 13041 | Lair:2   | Killed Harold
 13944 | Lair:2   | Noticed Fannar
 13967 | Lair:2   | Killed Fannar
 14150 | Lair:3   | Reached skill level 5 in Armour
 14407 | Lair:3   | Gained mutation: You have hoof-like feet. [demonic ancestry]
 14407 | Lair:3   | Reached XP level 12. HP: 43/89 MP: 20/20
 15323 | Lair:4   | Reached skill level 14 in Unarmed Combat
 16099 | Lair:4   | Found a staircase to the Swamp.
 16634 | Lair:5   | Noticed an eight-headed hydra
 16645 | Lair:5   | Killed an eight-headed hydra
 16662 | Lair:5   | Noticed a five-headed hydra
 16668 | Lair:5   | Killed a five-headed hydra
 17356 | Lair:5   | Lost mutation: Your body sometimes deteriorates upon taking damage. [potion of mutation]
 17356 | Lair:5   | Lost mutation: You are agile. (Dex +2) [potion of mutation]
 17356 | Lair:5   | Gained mutation: You are robust. (+10% HP) [potion of mutation]
 17356 | Lair:5   | Gained mutation: Your mind is acute. (Int +2) [potion of mutation]
 17381 | Lair:5   | Found a burning altar of Makhleb.
 17867 | Lair:6   | Entered Level 6 of the Lair of Beasts
 17871 | Lair:6   | Noticed a four-headed hydra
 17983 | Lair:5   | Gained mutation: You sometimes gain power by taking damage. [demonic ancestry]
 17983 | Lair:5   | Reached XP level 13. HP: 82/108 MP: 22/22
 18634 | Lair:6   | Noticed Grangar's ghost (journeyman MiFi)
 18940 | Lair:6   | Reached skill level 15 in Unarmed Combat
 19007 | Lair:6   | Killed Grangar's ghost
 19400 | Lair:6   | Found a runed door.
 19400 | Lair:6   | Found a viscous altar of Jiyva.
 19400 | Lair:6   | Found a staircase to the Slime Pits.
 21350 | Orc:1    | Entered Level 1 of the Orcish Mines
 21376 | Orc:1    | Reached XP level 14. HP: 102/119 MP: 23/23
 21384 | Orc:1    | Found a frozen archway.
 21395 | IceCv    | Entered an ice cave
 21416 | IceCv    | Found a transporter.
 21484 | IceCv    | Reached skill level 10 in Fighting
 21638 | Orc:2    | Entered Level 2 of the Orcish Mines
 21687 | Orc:2    | Reached skill level 16 in Unarmed Combat
 22557 | Orc:2    | Found a burning altar of Makhleb.
 22608 | Orc:2    | Reached ****** piety under Uskayaw
 22618 | Orc:2    | Found Peuxosk's Antique Armour Shoppe.
 22618 | Orc:2    | Found Xuasted's Assorted Antiques.
 22914 | Orc:2    | Noticed an orc warlord
 22938 | Orc:2    | Killed an orc warlord
 23058 | Orc:2    | Found a roughly hewn altar of Beogh.
 23379 | Orc:2    | Found a staircase to the Elven Halls.
 23594 | Orc:2    | Found Vofyek's Armour Shop.
 23594 | Orc:2    | Found Tonwymut's Jewellery Shoppe.
 23728 | D:10     | Entered Level 10 of the Dungeon
 23822 | D:10     | Found a glowing golden altar of the Shining One.
 24043 | D:10     | Noticed Sonja
 24063 | D:10     | Killed Sonja
 25712 | D:12     | Noticed a tengu reaver
 25722 | D:12     | Killed a tengu reaver
 26851 | D:13     | Noticed Erolcha
 26860 | D:13     | Killed Erolcha
 26860 | D:13     | Gained mutation: You have a pair of antennae on your head. [demonic ancestry]
 26860 | D:13     | Reached XP level 15. HP: 102/128 MP: 25/25
 27200 | D:13     | Reached skill level 17 in Unarmed Combat
 27794 | D:13     | Noticed Frances
 27824 | D:13     | Killed Frances
 28460 | D:14     | Found a gate to the Vaults.
 28485 | D:14     | Found Mievyink's Distillery.
 28871 | D:14     | Reached skill level 15 in Invocations
 29390 | D:15     | Entered Level 15 of the Dungeon
 29480 | D:15     | Reached skill level 10 in Armour
 29517 | D:15     | Found a portal to a secret trove of treasure.
 29525 | D:15     | Found a labyrinth entrance.
 29534 | Lab      | Entered a labyrinth
 30189 | Lab      | Got a twitching jade ring
 30192 | Lab      | Identified the ring "Romieluh" {+Fly rN+ MR+ Dex+2} (You found it in a labyrinth)
 30198 | Lab      | Got a distressingly furry chain mail
 30209 | Lab      | Identified the +7 chain mail "Haovvypn" {*Slow rC+ Slay+2} (You found it in a labyrinth)
 30454 | D:15     | Noticed Nessos
 30465 | D:15     | Killed Nessos
 30737 | D:15     | Found a staircase to the Depths.
 31200 | Depths:1 | Entered Level 1 of the Depths
 31434 | Depths:1 | Found a gateway to Hell.
 31435 | Depths:1 | Found a one-way gate to the infinite horrors of the Abyss.
 31589 | Depths:1 | Reached XP level 16. HP: 65/139 MP: 27/27
 32207 | Depths:1 | Got a shimmering ring mail
 32208 | Depths:1 | Identified the +1 ring mail of Trog's Condemnation {MR+} (You took it off a rakshasa on level 1 of the Depths)
 32572 | Depths:1 | Reached skill level 5 in Shields
 32659 | Depths:1 | Reached skill level 18 in Unarmed Combat
 36359 | Depths:1 | Gained mutation: You have claws for hands. [demonic ancestry]
 36359 | Depths:1 | Reached XP level 17. HP: 53/148 MP: 29/29
 38458 | Depths:2 | Found Fapseops's Armour Emporium.
 38907 | Depths:2 | Reached skill level 19 in Unarmed Combat
 39347 | Depths:2 | Found a one-way gate leading to the halls of Pandemonium.
 39360 | Depths:2 | Found an ancient bone altar of Kikubaaqudgha.
 39360 | Depths:2 | Noticed an ancient lich
 39360 | Depths:2 | Noticed a lich
 39376 | Depths:2 | Cast into level 4 of the Abyss (a lich)
 39417 | Abyss:4  | Noticed a lich
 39433 | Abyss:5  | Entered Level 5 of the Abyss
 39653 | Depths:2 | Escaped the Abyss
 39661 | Depths:2 | Paralysed by an ancient lich for 7 turns
 39668 | Depths:2 | HP: 7/150 [freezing wraith[a lich] (9)]
 41260 | Depths:2 | Noticed a Tzitzimitl
 41276 | Depths:2 | Killed a Tzitzimitl
 41276 | Depths:2 | Gained mutation: You have a pair of large antennae on your head. (SInv) [demonic ancestry]
 41276 | Depths:2 | Reached XP level 18. HP: 25/158 MP: 30/30
 41281 | Depths:2 | HP: 2/158 [reaper/scythe of flaming (7)]
 41958 | Depths:2 | HP: 7/158 [poisoned by a lich (poison arrow)]
 41959 | Depths:2 | Mangled by a fire giant zombie

Vault maps used:
D:1:      lightli_arrival_boilingwater, grunt_decor_fettered
D:2:      grunt_temple_overflow_magic_moments, nicolae_overflow_hidden_temple,
          first_bread, minmay_strange_pillars
D:4:      minmay_temple_entry_crystal_x, nicolae_tso_carved_into_rock
D:5:      grunt_temple_overflow_order_and_chaos_2, grunt_gozag_breadcrumbs
D:6:      marbit_many_paths, nicolae_ossuary_entry_plus, portal_sewer_entry_d
D:7:      serial_shops, nicolae_shop_behind_doors, grunt_ogre_cave, uniq_pikel
D:8:      lemuel_round_altar, uniq_psyche, uniq_erica
D:9:      lair_entry_dummy, david_orc_5, uniq_prince_ribbit1
D:10:     basic_altar, uniq_sonja
D:12:     minmay_outward_triangles, corexii_hall_statues_t,
          kennysheep_decorative_pillar
D:13:     uniq_frances, uniq_erolcha
D:14:     david_vaults_2, serial_shops, nicolae_shop_trees, grunt_ministairs_14
D:15:     hangedman_depths_entry_try_elsewhere_first, lab_entry_generic,
          nicolae_trove_entry_free_sample, uniq_nessos
Temple:   nicolae_temple_figure_eight
Lair:2:   dummy_snake_entry, wad_woods_road_01, guppyfry_lair_drakes,
          uniq_fannar, uniq_harold
Lair:4:   nicolae_swamp_entry_splash_gauntlet, lemuel_fruit_fields
Lair:5:   basic_altar, minivault_11, grunt_megastairs_2, lemuel_fruit_tree
Lair:6:   grunt_lair_end_beastmaster, slime_altar_2, serial_bayou_lagoon_b
Orc:1:    portal_ice_cave_entry_pillars_2
Orc:2:    st_orc_town, basic_altar
Depths:1: abyss_entry, kennysheep_boxes, hell_entry, kilobyte_mutagenic_chamber
Depths:2: evilmike_negative_zone, grunt_mini_vestibule, pan_entry, serial_shops,
          kennysheep_mini_moat, serial_bayou_shore_a, infiniplex_staircase_river
Abyss:4:  lemuel_firewalk_3, nicolae_abyss_rune_left_handed
Abyss:5:  evilmike_nicolae_abyss_rune_betentacled_crabyss, abyss_furniture_001,
          minivault_24, evilmike_abyss_exit_glass
Sewer:    sewer_co_scattered_pipes
IceCv:    ice_cave_statue_garden_teleport

Skill      XL: |  1  2  3  4  5  6  7  8  9 10 11 12 13 14 15 16 17 |
---------------+----------------------------------------------------+-----
Polearms       | 1 |  1.4
Unarmed Combat | 1 2 4 5 6 7 9 11 12 13 14 15 16 17 18 19 | 19.6
Invocations    | 1 4 7 9 10 11 12 13 14 15 16 17 | 17.7
Armour         | 2 5 6 8 9 10 11 12 | 12.4
Fighting       | 4 6 8 9 10 11 12 13 | 13.5
Shields        | 4 5 |  5.6
Dodging        | |  3.6
Stealth        | |  1.7

Action                   |  1- 3 |  4- 6 |  7- 9 | 10-12 | 13-15 | 16-18 || total
-------------------------+-------+-------+-------+-------+-------+-------++-------
Melee: Spear             |   109 |    82 |       |       |       |       ||   191
       Unarmed           |       |   135 |   412 |   629 |  1344 |   860 ||  3380
       Punch             |       |     2 |    13 |    32 |    39 |       ||    86
       Headbutt          |       |       |    13 |       |       |       ||    13
       Kick              |       |       |    30 |   166 |   395 |   346 ||   937
Throw: Throwing net      |       |       |       |     4 |    10 |     2 ||    16
Invok: Grand Finale      |       |       |       |       |     1 |       ||     1
       Line Pass         |       |       |       |       |       |     2 ||     2
Evoke: Wand              |       |       |     3 |    11 |     8 |       ||    22
  Use: Potion            |     1 |     5 |     7 |    11 |    15 |    10 ||    49
       Scroll            |     3 |     5 |     9 |     9 |     8 |     8 ||    42
 Stab: Sleeping          |     3 |     1 |       |       |       |       ||     4
       Paralysed         |       |       |     9 |    37 |   109 |    56 ||   211
       Held in net/web   |       |       |       |     1 |     3 |       ||     4
       Confused          |       |       |       |       |     1 |     3 ||     4
       Distracted        |       |       |       |       |     1 |       ||     1
  Eat: Bread ration      |       |     1 |     1 |       |     7 |     6 ||    15
       Chunk             |       |     6 |    10 |    29 |    19 |     4 ||    68
Armor: Skin              |     3 |       |       |       |       |       ||     3
       Robe              |     2 |       |       |       |       |       ||     2
       Leather armour    |    15 |    25 |       |       |       |       ||    40
       Scale mail        |       |    13 |    35 |       |       |       ||    48
       Chain mail        |       |       |    19 |   106 |   164 |   292 ||   581
       Plate armour      |       |       |       |       |   229 |       ||   229
Dodge: Dodged            |    60 |   114 |   169 |   267 |   434 |   200 ||  1244
Block: Other             |       |    24 |    47 |   105 |   107 |       ||   283
       Reflection        |       |     2 |       |       |    26 |    39 ||    67
       Buckler           |       |       |       |       |   162 |   284 ||   446
